[Event "ICC tourney 2212 (3 2)"]
[Site "Internet Chess Club"]
[Date "2020.12.18"]
[Round "5"]
[White "bopala"]
[Black "eigenator"]
[Result "0-1"]
[ICCResult "White forfeits on time"]
[WhiteElo "1939"]
[BlackElo "2376"]
[Opening "Nimzo-Indian: Reshevsky variation"]
[ECO "E46"]
[NIC "NI.10"]
[Time "20:58:03"]
[TimeControl "180+2"]

1. d4 Nf6 2. c4 e6 3. Nc3 Bb4 4. e3 O-O 5. Ne2 c5 6. a3 cxd4 7. exd4 Be7 8.
Nf4 Re8 9. Be2 d6 10. O-O e5 11. dxe5 dxe5 12. Nfd5 Nxd5 13. Nxd5 Nc6 14.
Bf3 Nd4 15. Be3 Bc5 16. b4 Nxf3+ 17. Qxf3 Bxe3 18. Qxe3 Bf5 19. Rad1 Qc8 20.
Qg5 Bg6 21. Ne7+ Rxe7 22. Qxe7 h6 23. Qxe5 Qxc4 24. Rfe1 Kh7 25. Qd5 Qc7 26.
h4 h5 27. Rc1 Qb6 28. Qc5 Qf6 29. Qd5 Qxh4 30. Qxb7 Rd8 31. Qe7 Qd4 32. Qe3
Qd7 33. Qe7 Qd4 34. Qc5 Qg4 35. Qe3 Rd3 36. Qe2 Qg5 37. Rcd1 Rxa3 38. Qe7
Qg4 39. Qd7 Qxb4 40. Re7 Qb3 41. Qe8 Qxd1+ 42. Kh2 Ra1 43. Rd7 Qh1+ 44. Kg3
h4+ 45. Kf3 Ra3+ 46. Kf4 Qh2+ 47. Kg4 f5+ 48. Kg5 Bxe8 {White forfeits on
time} 0-1

[Event "ICC tourney 2212 (3 2)"]
[Site "Internet Chess Club"]
[Date "2020.12.18"]
[Round "5"]
[White "breaker90"]
[Black "Zapateado"]
[Result "1-0"]
[ICCResult "Black resigns"]
[WhiteElo "2112"]
[BlackElo "1908"]
[Opening "Sicilian: accelerated fianchetto, Maróczy bind"]
[ECO "B36"]
[NIC "SI.33"]
[Time "20:58:12"]
[TimeControl "180+2"]

1. e4 c5 2. Nf3 g6 3. d4 cxd4 4. Nxd4 Nc6 5. c4 Nf6 6. Nc3 d6 7. Be2 Nxd4 8.
Qxd4 Bg7 9. Be3 O-O 10. Qd2 Be6 11. O-O Re8 12. Rac1 Qa5 13. b3 Rac8 14.
Rfd1 a6 15. f3 Nd7 16. Kf1 b5 17. Nd5 Qxd2 18. Bxd2 Bxd5 19. cxd5 Bb2 20.
Rxc8 Rxc8 21. Bd3 Ne5 22. Ke2 Nxd3 23. Kxd3 Kg7 24. Rb1 Ba3 25. b4 Rc4 26.
Rb3 Bc1 27. Rc3 Rxc3+ 28. Kxc3 Bxd2+ 29. Kxd2 g5 30. Ke3 Kg6 31. f4 f6 32.
g3 h5 33. e5 fxe5 34. fxe5 dxe5 35. Ke4 Kf6 36. h3 Kg6 37. Kxe5 g4 38. h4
Kf7 39. Kf5 Ke8 40. Kg5 Kd7 41. Kxh5 Kd6 42. Kxg4 Kxd5 43. h5 Ke6 44. Kf4
Kf6 45. g4 {Black resigns} 1-0

[Event "ICC tourney 2212 (3 2)"]
[Site "Internet Chess Club"]
[Date "2020.12.18"]
[Round "5"]
[White "TjkTiger"]
[Black "Openyagami"]
[Result "0-1"]
[ICCResult "White resigns"]
[WhiteElo "2602"]
[BlackElo "2604"]
[Opening "English: symmetrical variation"]
[ECO "A37"]
[NIC "EO.28"]
[Time "20:58:13"]
[TimeControl "180+2"]

1. c4 c5 2. g3 g6 3. Bg2 Bg7 4. Nc3 Nc6 5. Nf3 d6 6. O-O Bf5 7. h3 Qd7 8.
Kh2 Nf6 9. d3 O-O 10. e4 Be6 11. Ng5 Rab8 12. f4 Qc8 13. Nxe6 Qxe6 14. Be3
a6 15. Rc1 Qd7 16. Qd2 b5 17. b3 Ne8 18. f5 Ne5 19. cxb5 axb5 20. Nd5 Nf6
21. Nf4 Nc6 22. g4 g5 23. Ne2 h6 24. b4 Nxb4 25. d4 Ra8 26. dxc5 Rxa2 27.
Qxb4 Rxe2 28. c6 Qc7 29. Rfe1 d5+ 30. Kh1 Rxe1+ 31. Rxe1 Nxe4 32. Bxe4 dxe4
33. Qxe4 Qg3 34. Bg1 Qxh3+ 35. Bh2 Rc8 36. Rd1 Bf6 37. Rc1 b4 38. c7 Qa3 39.
Qe1 b3 40. Rd1 Qa8+ 41. Kg1 Kg7 42. Qe2 b2 43. Be5 Qa7+ 44. Kh2 Rxc7 45.
Bxf6+ exf6 46. Qxb2 Rc4 47. Rd6 Qe7 48. Rd5 Rxg4 49. Qd2 Qe4 {White resigns}
0-1

[Event "ICC tourney 2212 (3 2)"]
[Site "Internet Chess Club"]
[Date "2020.12.18"]
[Round "5"]
[White "shaivamkale"]
[Black "Jett503"]
[Result "0-1"]
[ICCResult "White checkmated"]
[WhiteElo "421"]
[BlackElo "1435"]
[Opening "French defense"]
[ECO "C00"]
[NIC "FR.01"]
[Time "20:58:17"]
[TimeControl "180+2"]

1. e4 e6 2. Nc3 d5 3. f3 d4 4. Nb5 c6 5. Na3 Bxa3 6. bxa3 e5 7. c3 dxc3 8.
dxc3 Qxd1+ 9. Kxd1 Nf6 10. Bc4 O-O 11. Nh3 h6 12. f4 exf4 13. Bxf4 Nxe4 14.
Ke2 Nxc3+ 15. Ke1 b5 16. Bb3 Bf5 17. Nf2 Nd7 18. h3 Nc5 19. g4 Bh7 20. Bd6
Rfe8+ 21. Kf1 N5e4 22. Re1 Ng3+ 23. Kg2 Nxh1 24. Rxh1 Ne4 25. Nxe4 Bxe4+ 26.
Kg1 Red8 27. Bf4 g5 28. Rh2 gxf4 29. Rf2 Bd5 30. Bxd5 Rxd5 31. Rxf4 Rd1+ 32.
Kg2 Rd2+ 33. Kg3 Rxa2 34. Rf3 Rc8 35. a4 Rxa4 36. h4 c5 37. g5 hxg5 38. h5
Kh7 39. Rxf7+ Kg8 40. Rf6 Rc7 41. h6 Rh7 42. Re6 Kf7 43. Rc6 c4 44. Kg4 c3+
45. Kf5 Rc4 46. Rf6+ Ke8 47. Re6+ Kd7 48. Kf6 Rc6 49. Ke5 Rxe6+ 50. Kf5
Rhxh6 51. Kxg5 Rhg6+ 52. Kh5 Rgf6 53. Kg5 Rc6 54. Kh5 Rfd6 55. Kg5 c2 56.
Kf5 Rc5+ 57. Ke4 Rd4+ 58. Kf3 Rc3+ 59. Kf2 Rd2+ 60. Ke1 c1=Q# {White
checkmated} 0-1

[Event "ICC tourney 2212 (3 2)"]
[Site "Internet Chess Club"]
[Date "2020.12.18"]
[Round "5"]
[White "jy2020"]
[Black "RG2017"]
[Result "1-0"]
[ICCResult "Black resigns"]
[WhiteElo "2227"]
[BlackElo "1989"]
[Opening "French: Winawer, advance variation"]
[ECO "C16"]
[NIC "FR.09"]
[Time "20:58:08"]
[TimeControl "180+2"]

1. e4 e6 2. d4 d5 3. Nc3 Bb4 4. e5 Ne7 5. a3 Bxc3+ 6. bxc3 b6 7. a4 Ba6 8.
Bd3 Bxd3 9. Qxd3 Nbc6 10. Ba3 Na5 11. Nf3 Nc4 12. Bc1 Qd7 13. Nd2 Qc6 14.
O-O h5 15. Ba3 Nf5 16. Nxc4 dxc4 17. Qe2 a5 18. f3 h4 19. Rfd1 O-O-O 20. Qe4
Kb7 21. Rd2 Qd5 22. Re1 Ka6 23. Qg4 Qd7 24. Qe4 Qd5 25. Rb1 c6 26. Rdd1 Rb8
27. Rb2 Rb7 28. Rdb1 Rhb8 29. Qe2 g6 30. Kf2 Ka7 31. g4 hxg3+ 32. hxg3 Rh8
33. Kg2 Rbb8 34. Qf2 Ka6 35. Qf1 Rh7 36. Qe2 Rhh8 37. Bc5 b5 38. axb5+ cxb5
39. Ra1 Ra8 40. Rxa5+ Kb7 41. Rbxb5+ Kc6 42. Rb6+ Kd7 43. Rxa8 Rxa8 44. Rb2
Ra1 45. Qe4 Ra8 46. Rb7+ Ke8 47. Qxd5 exd5 48. Kf2 Rd8 49. g4 Ng7 50. Re7+
Kf8 51. Ke3 Kg8 52. Bd6 Ne6 53. Ra7 Nf8 54. Bxf8 Kxf8 55. Kf4 Ke8 56. Kg5
Rc8 57. Kf6 Rc6+ 58. Kg5 Rc8 59. f4 Rb8 60. f5 gxf5 61. gxf5 Rb1 62. Kf6
Rb6+ 63. e6 fxe6 64. fxe6 Kd8 65. Ra8+ Kc7 66. Kf7 Kd6 67. e7 Rb7 68. Rd8+
Kc6 69. Kf8 {Black resigns} 1-0

[Event "ICC tourney 2212 (3 2)"]
[Site "Internet Chess Club"]
[Date "2020.12.18"]
[Round "5"]
[White "stocktn2malone"]
[Black "stephenwilly"]
[Result "0-1"]
[ICCResult "White checkmated"]
[WhiteElo "1715"]
[BlackElo "1496"]
[Opening "Scotch gambit: Benima defense"]
[ECO "C44"]
[NIC "SO.06"]
[Time "20:58:39"]
[TimeControl "180+2"]

1. e4 e5 2. Nf3 Nc6 3. d4 exd4 4. Bc4 Be7 5. Nxd4 Nf6 6. Nc3 O-O 7. Be3 Ne5
8. Bb3 d6 9. O-O Nfg4 10. Bf4 Bg5 11. Bxe5 dxe5 12. Nf3 Qf6 13. Nxg5 Qxg5
14. Qf3 Kh8 15. h3 Nf6 16. Nd5 Nxd5 17. Bxd5 f5 18. exf5 Bxf5 19. Qg3 Qxg3
20. fxg3 c6 21. Bb3 Rad8 22. Rad1 Bg6 23. Rxf8+ Rxf8 24. Rd7 e4 25. Rxb7 Re8
26. Kf2 e3+ 27. Ke2 c5 28. Bf7 Be4 29. Bxe8 Bxb7 30. Kxe3 Bxg2 31. h4 Bd5
32. b3 Kg8 33. c4 Be6 34. Ke4 Kf8 35. Bc6 Ke7 36. Ke5 h5 37. Be4 a6 38. Bf5
Bf7 39. Bc8 a5 40. Bb7 Be6 41. Bd5 Bd7 42. a3 g6 43. Bb7 Be6 44. Ba6 Bd7 45.
Bb5 Be6 46. Bc6 Bf7 47. Bd5 Be8 48. Bg8 Bc6 49. Kf4 Kf6 50. g4 hxg4 51. Kxg4
Bd7+ 52. Kf4 Bf5 53. Bd5 Bc2 54. b4 cxb4 55. axb4 axb4 56. c5 b3 57. c6 b2
58. c7 b1=Q 59. c8=Q Qf1+ 60. Bf3 Qc1+ 61. Kg3 Qg1+ 62. Kf4 g5+ 63. hxg5+
Qxg5# {White checkmated} 0-1

[Event "ICC tourney 2212 (3 2)"]
[Site "Internet Chess Club"]
[Date "2020.12.18"]
[Round "6"]
[White "chessrex"]
[Black "Tacticsguy52"]
[Result "1-0"]
[ICCResult "Black checkmated"]
[WhiteElo "1958"]
[BlackElo "1845"]
[Opening "Blackmar-Diemer gambit"]
[ECO "A45"]
[NIC "QP.07"]
[Time "21:10:49"]
[TimeControl "180+2"]

1. d4 Nf6 2. f3 d5 3. e4 dxe4 4. Nc3 exf3 5. Nxf3 Bg4 6. h3 Bxf3 7. Qxf3 Nc6
8. Bb5 Nd7 9. Bxc6 bxc6 10. O-O e6 11. Qxf7# {Black checkmated} 1-0

[Event "ICC tourney 2212 (3 2)"]
[Site "Internet Chess Club"]
[Date "2020.12.18"]
[Round "6"]
[White "xcelswimmer"]
[Black "yogokings12"]
[Result "1-0"]
[ICCResult "Black resigns"]
[WhiteElo "1920"]
[BlackElo "1575"]
[Opening "Neo-Grünfeld defense"]
[ECO "D70"]
[NIC "KI.80"]
[Time "21:10:57"]
[TimeControl "180+2"]

1. d4 Nf6 2. c4 g6 3. f3 d5 4. cxd5 Nxd5 5. e4 Nb6 6. Nc3 Bg7 7. Be3 O-O 8.
Nge2 c6 9. Qd2 Be6 10. Nf4 Bc4 11. b3 Bxf1 12. Kxf1 c5 13. dxc5 N6d7 14. Rd1
Qa5 15. Ncd5 Qxd2 16. Rxd2 Na6 17. Nxe7+ Kh8 18. Rxd7 {Black resigns} 1-0

[Event "ICC tourney 2212 (3 2)"]
[Site "Internet Chess Club"]
[Date "2020.12.18"]
[Round "6"]
[White "Openyagami"]
[Black "PearsonH"]
[Result "1-0"]
[ICCResult "Black resigns"]
[WhiteElo "2604"]
[BlackElo "1756"]
[Opening "English: Neo-Catalan declined"]
[ECO "A14"]
[NIC "RE.09"]
[Time "21:10:41"]
[TimeControl "180+2"]

1. Nf3 e6 2. c4 d5 3. g3 Nf6 4. Bg2 Be7 5. O-O O-O 6. b3 c5 7. Bb2 Nc6 8. e3
b6 9. Qe2 Bb7 10. Nc3 dxc4 11. bxc4 Qc7 12. Rfd1 Rfd8 13. Rac1 a6 14. d4
cxd4 15. exd4 Na5 16. Nb1 Rac8 17. Nbd2 Rd7 18. d5 exd5 19. Bh3 dxc4 20.
Bxd7 Qxd7 21. Nxc4 Qg4 22. Nce5 Bxf3 23. Nxg4 Bxe2 24. Rxc8+ Bf8 25. Rdd8
{Black resigns}
1-0

[Event "ICC tourney 2212 (3 2)"]
[Site "Internet Chess Club"]
[Date "2020.12.18"]
[Round "6"]
[White "Zapateado"]
[Black "stephenwilly"]
[Result "1-0"]
[ICCResult "Black checkmated"]
[WhiteElo "1908"]
[BlackElo "1496"]
[Opening "Scotch gambit: Benima defense"]
[ECO "C44"]
[NIC "SO.06"]
[Time "21:10:41"]
[TimeControl "180+2"]

1. e4 e5 2. Nf3 Nc6 3. d4 exd4 4. Bc4 Be7 5. c3 d3 6. Qb3 Na5 7. Bxf7+ Kf8
8. Qa4 c6 9. Bxg8 Kxg8 10. b4 Nc4 11. Qb3 b5 12. Nbd2 d5 13. O-O Be6 14. Nd4
Bd7 15. exd5 cxd5 16. N2f3 Bf6 17. Qd1 Rc8 18. Qxd3 Ne5 19. Nxe5 Bxe5 20.
Bd2 h5 21. Nf3 Bf6 22. Qxd5+ Kh7 23. Qxh5+ Kg8 24. Qd5+ Kh7 25. Ng5+ Bxg5
26. Bxg5 Qc7 27. Rfe1 Bc6 28. Qf5+ Kg8 29. Qe6+ Kh7 30. Re3 g6 31. Rh3+ Kg7
32. Qf6+ Kg8 33. Rxh8# {Black checkmated} 1-0

[Event "ICC tourney 2212 (3 2)"]
[Site "Internet Chess Club"]
[Date "2020.12.18"]
[Round "6"]
[White "iszerencsy"]
[Black "bopala"]
[Result "0-1"]
[ICCResult "White resigns"]
[WhiteElo "1377"]
[BlackElo "1939"]
[Opening "Two knights defense"]
[ECO "C56"]
[NIC "KP.02"]
[Time "21:10:49"]
[TimeControl "180+2"]

1. e4 e5 2. Nf3 Nc6 3. Bc4 Nf6 4. d4 exd4 5. O-O Nxe4 6. Re1 d5 7. Bxd5 Qxd5
8. Nc3 Qa5 9. Nxe4 Be6 10. Neg5 O-O-O 11. Nxe6 fxe6 12. Rxe6 Bd6 13. Bd2 Qh5
14. Re4 Rhf8 15. Rh4 Qg6 16. Rh3 Ne5 17. Nxe5 Bxe5 18. Qh5 Qxc2 19. Qxe5
Qxd2 20. Qg3 Rde8 21. f3 Qe3+ 22. Qf2 Qxf2+ 23. Kxf2 d3 24. Re1 c5 25. Rd1
Re2+ 26. Kf1 c4 27. b3 Rfe8 28. bxc4 d2 29. Rxd2 Rxd2 30. Rxh7 Rxa2 31. Rxg7
Ree2 32. Rg8+ Kc7 33. Rg7+ Kb6 34. Rg6+ Kc5 35. g4 Rxh2 36. Rg5+ Kxc4 37.
Kg1 Rhb2 {White resigns} 0-1

[Event "ICC tourney 2212 (3 2)"]
[Site "Internet Chess Club"]
[Date "2020.12.18"]
[Round "6"]
[White "Shakhmatova"]
[Black "Jeffchess"]
[Result "0-1"]
[ICCResult "White checkmated"]
[WhiteElo "1792"]
[BlackElo "1254"]
[Opening "Caro-Kann defense"]
[ECO "B10"]
[NIC "CK.01"]
[Time "21:11:20"]
[TimeControl "180+2"]

1. e4 c6 2. f4 Nh6 3. Nf3 d5 4. e5 f6 5. d4 fxe5 6. fxe5 Bg4 7. h3 Bxf3 8.
Qxf3 g6 9. Bxh6 Bxh6 10. e6 Rf8 11. Qd3 Qa5+ 12. c3 Qb6 13. b3 c5 14. Nd2
Qxe6+ 15. Be2 Qe3 16. O-O-O Rf2 17. Qxe3 Bxe3 18. Bb5+ Kd8 19. Rhe1 Bh6 20.
dxc5 Rxg2 21. Rf1 a6 22. Bd3 Nc6 23. Rg1 Bxd2+ 24. Kc2 Rxg1 25. Rxg1 Bh6 26.
a4 d4 27. Be4 dxc3 28. Kxc3 Bg7+ 29. Kc4 Na5+ 30. Kb4 Nc6+ 31. Ka3 e5 32.
Rd1+ Kc7 33. Rf1 Rf8 34. Rd1 Nd4 35. Rd3 Rf4 36. Bg2 e4 37. Re3 Nf3 38. Bxf3
exf3 39. Re7+ Kc6 40. Rxg7 f2 41. Rxh7 f1=Q 42. Rg7 Qa1# {White checkmated}
0-1

[Event "ICC tourney 2212 (3 2)"]
[Site "Internet Chess Club"]
[Date "2020.12.18"]
[Round "6"]
[White "Jett503"]
[Black "baldwinsthename"]
[Result "0-1"]
[ICCResult "White checkmated"]
[WhiteElo "1435"]
[BlackElo "1215"]
[Opening "Four knights: Italian variation"]
[ECO "C47"]
[NIC "RG.01"]
[Time "21:11:06"]
[TimeControl "180+2"]

1. e4 e5 2. Nf3 Nf6 3. Nc3 Nc6 4. Bc4 Bb4 5. Nd5 Nd4 6. c3 Nxf3+ 7. Qxf3 Be7
8. O-O c6 9. Ne3 Bc5 10. Nf5 Kf8 11. b4 Bb6 12. Qg3 g6 13. Nd6 Nh5 14. Qxe5
f6 15. Nf7 fxe5 16. Nxd8 Bxd8 17. f3 b5 18. Bb3 d6 19. d4 Bf6 20. g4 Nf4 21.
d5 cxd5 22. exd5 Bb7 23. Bxf4 exf4 24. Rae1 Bxc3 25. Re6 Bd4+ 26. Kg2 Be5
27. Rc1 Rc8 28. Rd1 Kf7 29. h4 Rhe8 30. Rxe8 Rxe8 31. h5 gxh5 32. gxh5 Kf6
33. Kh3 Rg8 34. Bc2 Rg3+ 35. Kh4 h6 36. Rf1 Ke7 37. Be4 Bf6# {White
checkmated} 0-1

[Event "ICC tourney 2212 (3 2)"]
[Site "Internet Chess Club"]
[Date "2020.12.18"]
[Round "6"]
[White "eigenator"]
[Black "TjkTiger"]
[Result "1/2-1/2"]
[ICCResult "Game drawn by mutual agreement"]
[WhiteElo "2376"]
[BlackElo "2602"]
[Opening "Sicilian: accelerated fianchetto, Maróczy bind, 6.Be3"]
[ECO "B38"]
[NIC "SI.43"]
[Time "21:10:35"]
[TimeControl "180+2"]

1. e4 c5 2. Nf3 g6 3. d4 cxd4 4. Nxd4 Bg7 5. c4 Nc6 6. Be3 Qb6 7. Nb3 Qd8 8.
Nc3 Bxc3+ 9. bxc3 Nf6 10. Bd3 d6 11. O-O O-O 12. c5 d5 13. exd5 Qxd5 14. Be2
Rd8 15. Qxd5 Nxd5 16. Bd2 Be6 17. Bf3 Nf6 18. Bg5 Bd5 19. Bxf6 exf6 20. Bxd5
Rxd5 21. Rfd1 Rad8 22. Rxd5 Rxd5 23. Kf1 Ne5 24. Ke2 Nd3 25. Rb1 Kg7 26. g3
Ne5 27. f4 Nc6 28. Ke3 f5 29. Nd4 Nd8 30. Rb5 Kf8 31. c4 Rd7 32. a4 Rc7 33.
c6 bxc6 34. Rb8 Ke7 35. c5 Ne6 36. Nxe6 Kxe6 37. a5 Kd5 38. a6 Kxc5 39. Rb7
Kd6 40. Rb8 c5 41. Kd3 Kd5 42. Rd8+ Kc6 43. Rb8 Rd7+ 44. Kc3 h5 45. Kc4 Rd3
46. Kxd3 {Game drawn by mutual agreement} 1/2-1/2

[Event "ICC tourney 2212 (3 2)"]
[Site "Internet Chess Club"]
[Date "2020.12.18"]
[Round "6"]
[White "Monkeybomb3605"]
[Black "pmchess98"]
[Result "1-0"]
[ICCResult "Black forfeits on time"]
[WhiteElo "2047"]
[BlackElo "1441"]
[Opening "Ruy Lopez: closed defense"]
[ECO "C84"]
[NIC "RL.13"]
[Time "21:10:43"]
[TimeControl "180+2"]

1. e4 e5 2. Nf3 Nc6 3. Bb5 a6 4. Ba4 Nf6 5. O-O Be7 6. d3 b5 7. Bb3 O-O 8.
a4 Bb7 9. c3 d5 10. exd5 Nxd5 11. Re1 Kh8 12. axb5 axb5 13. Rxa8 Bxa8 14. d4
exd4 15. cxd4 Ncb4 16. Nc3 Bd6 17. Nxb5 Nd3 18. Qxd3 Nf4 19. Bxf4 Bxf4 20.
Nc3 g5 21. Ne5 Qd6 22. Nxf7+ Rxf7 23. Bxf7 Bxh2+ 24. Kh1 Be5 25. Rxe5 Qh6+
26. Kg1 g4 27. Rh5 Qc1+ 28. Kh2 Qf4+ 29. Qg3 Qxf7 30. Qxg4 Bc6 31. Rf5 Qe7
32. Qg5 Qd6+ 33. g3 h6 34. Qf6+ {Black forfeits on time} 1-0

[Event "ICC tourney 2212 (3 2)"]
[Site "Internet Chess Club"]
[Date "2020.12.18"]
[Round "6"]
[White "JensenUVA"]
[Black "Averyyu321"]
[Result "0-1"]
[ICCResult "White forfeits on time"]
[WhiteElo "1516"]
[BlackElo "1739"]
[Opening "Queen's pawn game"]
[ECO "D02"]
[NIC "QP.08"]
[Time "21:10:40"]
[TimeControl "180+2"]

1. d4 d5 2. Nf3 e6 3. g3 Nf6 4. Bg2 b6 5. c4 Bb7 6. O-O Be7 7. cxd5 exd5 8.
Nc3 O-O 9. Bf4 Re8 10. Rc1 Nbd7 11. Nb5 Bd6 12. Bxd6 cxd6 13. Nxd6 Re6 14.
Nxb7 Qb8 15. Ng5 Re8 16. Qd2 Qxb7 17. Rc2 Rac8 18. Rfc1 h6 19. Nf3 Ne4 20.
Qd3 Rxc2 21. Rxc2 Ndf6 22. e3 Rc8 23. Ne5 Rxc2 24. Qxc2 Nd6 25. b3 Qe7 26.
f4 Nfe4 27. Bxe4 Nxe4 28. Qc6 Nf6 29. Kg2 Kh7 30. h3 Ne4 31. Qxd5 Nc3
{White forfeits on time}
0-1

[Event "ICC tourney 2212 (3 2)"]
[Site "Internet Chess Club"]
[Date "2020.12.18"]
[Round "6"]
[White "Kinawa"]
[Black "stocktn2malone"]
[Result "0-1"]
[ICCResult "White checkmated"]
[WhiteElo "1535"]
[BlackElo "1715"]
[Opening "Sicilian: Hungarian variation"]
[ECO "B27"]
[NIC "SI.43"]
[Time "21:10:44"]
[TimeControl "180+2"]

1. e4 c5 2. Nf3 g6 3. d4 Bg7 4. Be3 Nc6 5. c3 cxd4 6. cxd4 d5 7. e5 Qb6 8.
Qd2 Bg4 9. Be2 e6 10. Nc3 Bf8 11. O-O Bb4 12. a3 Bxc3 13. bxc3 Nge7 14. Rfb1
Qc7 15. Ra2 O-O 16. Rab2 b6 17. Bh6 Rfc8 18. Rc1 Nf5 19. Bg5 Na5 20. h3 Bxf3
21. gxf3 Nc4 22. Bxc4 Qxc4 23. Rbc2 Rc7 24. h4 Rac8 25. h5 Qa4 26. Ra2 Nxd4
27. Qxd4 Qxd4 28. cxd4 Rxc1+ 29. Bxc1 Rxc1+ 30. Kg2 Rd1 31. hxg6 hxg6 32.
Rc2 Rxd4 33. Rc8+ Kg7 34. Rc7 Ra4 35. Rc3 b5 36. Kg3 a5 37. f4 b4 38. axb4
axb4 39. Rb3 Ra3 40. Rf3 Rxf3+ 41. Kxf3 b3 42. Ke2 b2 43. Kf3 b1=Q 44. Kg4
Qf5+ 45. Kf3 g5 46. Kg3 Qxf4+ 47. Kh3 Qxe5 48. Kg2 Qe4+ 49. f3 Qe2+ 50. Kg3
Qe1+ 51. Kg2 f5 52. f4 Qe4+ 53. Kh3 Qxf4 54. Kg2 g4 55. Kh1 d4 56. Kg2 d3
57. Kg1 d2 58. Kg2 Qf3+ 59. Kh2 Qh3+ 60. Kg1 d1=Q+ 61. Kf2 Qdf3+ 62. Ke1
Qhg3+ 63. Kd2 Qff2+ 64. Kc1 Qgg1# {White checkmated} 0-1

[Event "ICC tourney 2212 (3 2)"]
[Site "Internet Chess Club"]
[Date "2020.12.18"]
[Round "6"]
[White "Harsha777"]
[Black "mhebden"]
[Result "1-0"]
[ICCResult "Black resigns"]
[WhiteElo "2559"]
[BlackElo "2503"]
[Opening "King's Indian: Averbakh system"]
[ECO "E73"]
[NIC "KI.26"]
[Time "21:10:38"]
[TimeControl "180+2"]

1. d4 Nf6 2. c4 g6 3. Nc3 Bg7 4. e4 d6 5. Be2 O-O 6. Bg5 c6 7. Nf3 h6 8. Be3
Ng4 9. Bc1 e5 10. O-O Na6 11. h3 exd4 12. Nxd4 Nf6 13. Re1 Re8 14. Bf3 Nh7
15. Nb3 Ng5 16. Bg4 Bxg4 17. Qxg4 f5 18. Bxg5 Qxg5 19. Qxg5 hxg5 20. Rad1
Be5 21. exf5 gxf5 22. Nd4 Bxd4 23. Rxe8+ Rxe8 24. Rxd4 Re6 25. f4 gxf4 26.
Rxf4 Re5 27. Rd4 Re6 28. Kf2 Kg7 29. Kf3 Nc7 30. Ne2 d5 31. Ng3 Kg6 32. Ne2
Re4 33. cxd5 Rxd4 34. Nxd4 Nxd5 35. a3 a5 36. h4 a4 37. Ne6 b5 38. Nf4+ Nxf4
39. Kxf4 Kf6 40. h5 c5 41. h6 Kg6 42. h7 Kxh7 43. Kxf5 b4 44. Ke4 c4 45.
axb4 c3 46. Kd3 cxb2 47. Kc2 a3 48. b5 {Black resigns} 1-0

[Event "ICC tourney 2212 (3 2)"]
[Site "Internet Chess Club"]
[Date "2020.12.18"]
[Round "6"]
[White "chessfidebullet"]
[Black "miyzhang"]
[Result "1-0"]
[ICCResult "Black forfeits on time"]
[WhiteElo "1289"]
[BlackElo "1227"]
[Opening "Giuoco Pianissimo"]
[ECO "C50"]
[NIC "IG.02"]
[Time "21:10:40"]
[TimeControl "180+2"]

1. e4 e5 2. Nf3 Nc6 3. Bc4 Bc5 4. d3 d6 5. Ng5 Be6 6. Nxe6 fxe6 7. f4 exf4
8. Qg4 Nd4 9. Bxe6 Nxc2+ 10. Kd1 Nxa1 11. Qxg7 Qf6 12. Qd7+ Kf8 13. Nc3 Qe7
14. Nd5 Qxd7 15. Bxd7 c6 16. Nxf4 Ke7 17. Bf5 Nf6 18. Bd2 Rad8 19. Ne6 Rde8
20. d4 Bb6 21. Bc3 Reg8 22. Bh3 Nxe4 23. Ke2 Nxc3+ 24. bxc3 Nc2 25. Rc1 Na3
26. Re1 Rg6 27. Kd3 a6 28. Nf4+ Kf6 29. Nxg6 Kxg6 30. Re6+ Kf7 31. Rxd6 Ke7
32. Rd7+ Kf6 33. Rxb7 Bd8 34. Rd7 Nb5 35. d5 cxd5 36. Rxd5 Ba5 37. Rf5+ Kg6
38. c4 {Black forfeits on time} 1-0

[Event "ICC tourney 2212 (3 2)"]
[Site "Internet Chess Club"]
[Date "2020.12.18"]
[Round "6"]
[White "ved2006"]
[Black "edenhe"]
[Result "0-1"]
[ICCResult "White checkmated"]
[WhiteElo "1719"]
[BlackElo "1518"]
[Opening "Queen's pawn game"]
[ECO "D04"]
[NIC "QP.08"]
[Time "21:11:12"]
[TimeControl "180+2"]

1. d4 d5 2. Nf3 Nf6 3. e3 Bf5 4. c4 e6 5. Nc3 Bb4 6. h3 O-O 7. a3 Bxc3+ 8.
bxc3 Nbd7 9. Bd3 Bxd3 10. Qxd3 dxc4 11. Qxc4 Nb6 12. Qd3 c6 13. O-O Qc7 14.
e4 Rad8 15. e5 Nfd5 16. Nd2 Ne7 17. Qg3 Nf5 18. Qg4 Nd5 19. Ne4 Nxc3 20.
Nxc3 Rxd4 21. Qf3 Qxe5 22. Ne2 Re4 23. Bf4 Qd5 24. Rfd1 Qc4 25. Ng3 Rxf4 26.
Qd3 Qxd3 27. Rxd3 Nxg3 28. fxg3 Ra4 29. Rd7 b6 30. Rc7 c5 31. Kf2 Rd8 32.
Ke3 h6 33. Ke2 a6 34. Rf1 Rf8 35. Ra1 c4 36. Rc6 b5 37. Kd2 Rd8+ 38. Kc3
Rd3+ 39. Kc2 Rxg3 40. Rc8+ Kh7 41. Rd1 Rxg2+ 42. Kb1 Rxa3 43. Rc7 c3 44. Rc1
Rb2# {White checkmated} 0-1

[Event "ICC tourney 2212 (3 2)"]
[Site "Internet Chess Club"]
[Date "2020.12.18"]
[Round "6"]
[White "hackerguru"]
[Black "SupaHotFiya"]
[Result "0-1"]
[ICCResult "White resigns"]
[WhiteElo "1756"]
[BlackElo "1982"]
[Opening "English opening"]
[ECO "A04"]
[NIC "QP.11"]
[Time "21:10:48"]
[TimeControl "180+2"]

1. Nf3 d6 2. c4 e5 3. Nc3 f5 4. d3 Nf6 5. g3 g6 6. Bg2 Bg7 7. Bg5 h6 8. Bxf6
Bxf6 9. e4 O-O 10. O-O f4 11. Nd5 g5 12. Nd2 c6 13. Nxf6+ Qxf6 14. g4 h5 15.
h3 hxg4 16. hxg4 Kg7 17. f3 Qh6 18. Kf2 Rh8 19. Rh1 Qf6 20. Rxh8 Kxh8 21.
Qh1+ Kg7 22. Qh5 Be6 23. Rh1 Nd7 24. Qh7+ Kf8 25. Qh8+ Bg8 26. Rh7 Qxh8 27.
Rxh8 Nf6 28. Nb3 Kg7 29. Rh1 a5 30. a4 b5 31. axb5 cxb5 32. Ra1 a4 33. Nd2
b4 34. b3 a3 35. Ra2 Nd7 36. Bf1 Nc5 37. Kg2 Bf7 38. Be2 Ne6 39. Bf1 Nd4 40.
Kg1 Rh8 41. Kg2 Be6 42. Kf2 Rh2+ 43. Bg2 Rh4 44. Kg1 Bxg4 45. fxg4 Rxg4 46.
Kf2 Rg3 47. Nf3 Nxb3 48. Bf1 Nc5 49. Be2 Kf6 50. Bf1 g4 51. Nd2 Nxd3+ 52.
Bxd3 Rxd3 53. Nb1 g3+ 54. Kg2 Kg5 55. Nd2 Kg4 56. Nf1 f3+ 57. Kg1
{White resigns}
0-1

[Event "ICC tourney 2212 (3 2)"]
[Site "Internet Chess Club"]
[Date "2020.12.18"]
[Round "6"]
[White "RG2017"]
[Black "ritterfork"]
[Result "0-1"]
[ICCResult "White checkmated"]
[WhiteElo "1989"]
[BlackElo "1846"]
[Opening "Benkö gambit: main line"]
[ECO "A58"]
[NIC "BI.41"]
[Time "21:10:38"]
[TimeControl "180+2"]

1. d4 Nf6 2. c4 c5 3. d5 b5 4. cxb5 a6 5. bxa6 g6 6. Nc3 Bxa6 7. e4 Bxf1 8.
Kxf1 d6 9. Nf3 Bg7 10. g3 O-O 11. Kg2 Nbd7 12. a4 Nb6 13. Qe2 Qd7 14. a5
Rfb8 15. Bf4 Nc8 16. Rhb1 Na7 17. Nd2 Nb5 18. Nc4 Nd4 19. Qd1 Ra6 20. Ra3
Ne8 21. Bd2 Nc7 22. Nb6 Qe8 23. b4 Ncb5 24. Ra2 Nxc3 25. Bxc3 Rbxb6 26. axb6
Rxa2 27. bxc5 dxc5 28. b7 Qb8 29. Bd2 Be5 30. Qc1 Ra7 31. f4 Bg7 32. Qxc5
Rxb7 33. Rb4 Rxb4 34. Bxb4 Nc2 35. Ba3 Nxa3 36. Qxa3 Qb2+ 37. Qxb2 Bxb2 38.
Kf3 Kg7 39. e5 Ba3 40. Ke4 Kf8 41. g4 f6 42. e6 Bd6 43. h3 Ke8 44. f5 g5 45.
Kd4 Kd8 46. Kc4 Kc7 47. Kb5 Ba3 48. Kc4 Kd6 49. Kd4 Bb2+ 50. Ke4 Be5 51. h4
gxh4 52. g5 fxg5 53. f6 Bxf6 54. Kf5 Kxd5 55. Kg4 Kxe6 56. Kh5 Kf5 57. Kh6
h3 58. Kh5 h2 59. Kh6 h1=Q# {White checkmated} 0-1